 Dungeon Crawl Stone Soup version 0.31-a0-175-g9f7f995f2b (webtiles) character file.

Game seed: 5150241402041098068

233 qw the Shooter (level 6, -2/55 HPs)
             Began as a Naga Hunter on June 17, 2023.
             Slain by a goblin
             ... wielding a +0 club
             ... led by Robin
              (3 damage)
             ... on level 2 of the Dungeon.
             The game lasted 00:00:32 (932 turns).

qw the Shooter (Naga Hunter)                         Turns: 932, Time: 00:00:32

Health: -2/55      AC:  3    Str: 13    XL:     6   Next: 4%
Magic:  6/6        EV:  9    Int:  9    God:
Gold:   24         SH:  0    Dex: 17    Spells: 5/5 levels left

rFire   . . .        Y - +0 shortbow
rCold   . . .        (shield currently unavailable)
rNeg    . . .        c - +0 leather armour
rPois   +            (no helmet)
rElec   .            (no cloak)
rCorr   .            (no gloves)
SInv    +            (no barding)
Will    .....        (no amulet)
Stlth   ++           (no ring)
HPRegen 0.29/turn    (no ring)
MPRegen 0.10/turn

%: no passive effects
@: lethally poisoned (-2 -> -5), short of breath, very slow
A: AC +2, large, see invisible, deformed body, poison resistance, slowness 2,
spit poison 1, naga tail 1
a: Spit Poison


You were on level 2 of the Dungeon.
You visited 1 branch of the dungeon, and saw 2 of its levels.

You collected 24 gold pieces.


Innate Abilities, Weirdness & Mutations

Your serpentine skin is tough. (AC +2)
You have supernaturally acute eyesight. (SInv)
Armour fits poorly on your strangely shaped body.
Your system is resistant to poisons. (rPois)
You cover ground very slowly.
You can spit poison.
You have a snake-like lower body.


   Skills:
 + Level 2.7 Fighting
 - Level 6.2 Ranged Weapons
 - Level 1.5 Dodging
 - Level 1.5 Stealth


You had 5 spell levels left.
You didn't know any spells.
Your spell library was empty.

Inventory:

Hand Weapons
 Y - a +0 shortbow (weapon)
Armour
 c - a +0 leather armour (worn)
Jewellery
 b - a +6 ring of intelligence
Scrolls
 a - a scroll of enchant armour
 d - a scroll of teleportation {unknown}

Dungeon Overview and Level Annotations

Branches:
Dungeon (2/15)

Altars:


Message History

You are more poisoned.
925 ||| INVOKING Spit Poison.
Aiming: Spit Poison (1% risk of failure)
Press: ? - help, Shift-Dir - straight line, f/p - hobgoblin The splash of poison hits the hobgoblin.
The hobgoblin is almost dead.
You feel very sick.
Robin says, "Kneel, worm!"
The goblin completely misses you. The hobgoblin barely misses you.
You shoot an arrow. The arrow hits the hobgoblin.
You kill the hobgoblin!
You feel sick. The goblin barely misses you. Robin throws the goblin at you!
You shoot an arrow. The arrow hits the goblin.
The goblin is severely wounded.
You feel sick. The goblin hits you but does no damage.
You are more poisoned.
Robin throws the goblin at you!
You shoot an arrow. The arrow closely misses the goblin.
You feel very sick. The goblin barely misses you. x2
You shoot an arrow. The arrow hits the goblin.
You kill the goblin!
You have got your breath back.
You feel sick. Robin hits you with a +0 dagger.
The goblin hits you with a +0 club. Robin hits you with a +0 dagger.
The goblin completely misses you.
930 ||| INVOKING Spit Poison.
Aiming: Spit Poison (1% risk of failure)
Press: ? - help, Shift-Dir - straight line, f - Robin The splash of poison hits Robin!
Robin is poisoned.
Robin is heavily wounded.
You feel sick. The goblin barely misses you. Robin hits you with a +0 dagger.
You shoot an arrow. The arrow hits Robin.
Robin is severely wounded.
You feel sick. The goblin hits you but does no damage.
Robin hits you but does no damage.
You shoot an arrow. The arrow hits Robin!
You kill Robin!
You feel sick. The goblin hits you with a +0 club.
You die...

....# ....# #. ....# #.
....# #. ....# #. #.
#.## ....# #.###.###...
....#.#..........###.#.#
....#........>..g)......
....#........###@# #..
..#.#...........)#....
###.####........).......
#.....###......)........
.##.##..####............
##+####.###.#####.....g
............# ......
##+######...# ......
..........# ......


You could see a goblin (strong).

Vanquished Creatures
  Sigmund (D:2)
  Natasha (D:2)
  Robin (D:2)
  2 dart slugs (D:1)
  2 ball pythons (D:2)
  2 endoplasms (D:1)
  9 goblins
  7 hobgoblins
  5 jackals (D:1)
  3 bats (D:1)
  A frilled lizard (D:1)
  3 kobolds (D:1)
  6 rats (D:1)
43 creatures vanquished.

Notes
Turn   | Place    | Note
-------+----------+-------------------------------------------
     0 | D:1      | qw the Naga Hunter began the quest for the Orb.
     0 | D:1      | Reached XP level 1. HP: 19/19 MP: 1/1
     0 | D:1      | 0 ||| qw: Version: 0.3-a-3-g30531e4
     0 | D:1      | 0 ||| qw: Game counter: 398
     0 | D:1      | 0 ||| qw: Always use a shield: true
     0 | D:1      | 0 ||| qw: God list: Okawaru
     0 | D:1      | 0 ||| qw: Allow faded altars: false
     0 | D:1      | 0 ||| qw: Do Orc after D:15 true
     0 | D:1      | 0 ||| qw: Do second Lair branch before Depths: true
     0 | D:1      | 0 ||| qw: Lair rune preference: random
     0 | D:1      | 0 ||| qw: Plans: Normal
     0 | D:1      | 0 ||| PLANNING D:1-11
    22 | D:1      | 22 ||| INVOKING Spit Poison.
    26 | D:1      | 26 ||| INVOKING Spit Poison.
    64 | D:1      | 64 ||| INVOKING Spit Poison.
    70 | D:1      | 70 ||| INVOKING Spit Poison.
    83 | D:1      | 83 ||| INVOKING Spit Poison.
    89 | D:1      | 89 ||| INVOKING Spit Poison.
    91 | D:1      | Reached skill level 4 in Ranged Weapons
    91 | D:1      | Reached XP level 2. HP: 26/26 MP: 2/2
   109 | D:1      | 109 ||| INVOKING Spit Poison.
   124 | D:1      | 124 ||| INVOKING Spit Poison.
   142 | D:1      | 142 ||| INVOKING Spit Poison.
   148 | D:1      | 148 ||| INVOKING Spit Poison.
   154 | D:1      | 154 ||| INVOKING Spit Poison.
   156 | D:1      | Reached XP level 3. HP: 27/32 MP: 3/3
   203 | D:1      | 203 ||| INVOKING Spit Poison.
   243 | D:1      | 243 ||| INVOKING Spit Poison.
   253 | D:1      | 253 ||| INVOKING Spit Poison.
   287 | D:1      | 287 ||| INVOKING Spit Poison.
   326 | D:1      | 326 ||| INVOKING Spit Poison.
   333 | D:1      | 333 ||| INVOKING Spit Poison.
   575 | D:1      | 575 ||| READING 2 scrolls labelled EHEIL MIEZEO.
   576 | D:1      | 576 ||| DROPPING scroll of butterflies.
   590 | D:2      | Noticed Sigmund
   591 | D:2      | 591 ||| INVOKING Spit Poison.
   593 | D:2      | 593 ||| STAIRDANCE
   612 | D:2      | 612 ||| STAIRDANCE
   622 | D:2      | 622 ||| INVOKING Spit Poison.
   624 | D:2      | 624 ||| STAIRDANCE
   644 | D:2      | 644 ||| INVOKING Spit Poison.
   645 | D:2      | 645 ||| STAIRDANCE
   683 | D:2      | 683 ||| INVOKING Spit Poison.
   685 | D:2      | 685 ||| STAIRDANCE
   702 | D:2      | 702 ||| INVOKING Spit Poison.
   704 | D:2      | 704 ||| STAIRDANCE
   729 | D:2      | 729 ||| STAIRDANCE
   731 | D:2      | 731 ||| STAIRDANCE
   733 | D:2      | 733 ||| STAIRDANCE
   742 | D:2      | 742 ||| INVOKING Spit Poison.
   745 | D:2      | Killed Sigmund
   746 | D:2      | Reached skill level 6 in Ranged Weapons
   746 | D:2      | Reached XP level 4. HP: 39/39 MP: 4/4
   746 | D:2      | Reached XP level 5. HP: 45/45 MP: 5/5
   816 | D:2      | Noticed Natasha
   817 | D:2      | 817 ||| INVOKING Spit Poison.
   818 | D:2      | 818 ||| Stepping ~*~*~tactically~*~*~ (outnumbered).
   824 | D:2      | 824 ||| INVOKING Spit Poison.
   827 | D:2      | Killed Natasha
   896 | D:2      | 896 ||| INVOKING Spit Poison.
   908 | D:2      | Noticed Robin
   909 | D:2      | 909 ||| INVOKING Spit Poison.
   913 | D:2      | 913 ||| INVOKING Spit Poison.
   915 | D:2      | Reached XP level 6. HP: 55/55 MP: 6/6
   918 | D:2      | 918 ||| Stepping ~*~*~tactically~*~*~ (outnumbered).
   919 | D:2      | 919 ||| INVOKING Spit Poison.
   925 | D:2      | 925 ||| INVOKING Spit Poison.
   929 | D:2      | HP: 11/55 [goblin/+0 club[Robin] (3)]
   930 | D:2      | 930 ||| INVOKING Spit Poison.
   930 | D:2      | HP: 5/55 [poisoned by a goblin]
   931 | D:2      | HP: 2/55 [poisoned by a goblin]
   932 | D:2      | Killed Robin
   932 | D:2      | Slain by a goblin

Levels and vault maps discovered:
D:1:      elethiomel_arrival_diamonds, layout_rooms,
          chequers_serial_rivers_micro_e, minmay_misc_feat_columns
D:2:      layout_basic, interstate_on_off, uniq_sigmund, uniq_robin,
          uniq_natasha

Skill      XL: |  1  2  3 |
---------------+----------+-----
Ranged Weapons | 4 6 |  6.2
Fighting       | |  2.7
Dodging        | |  1.5
Stealth        | |  1.5

Action                     |  1- 3 |  4- 6 || total
---------------------------+-------+-------++-------
   Fire: Shortbow          |    49 |    31 ||    80
Ability: Spit Poison       |    23 |     8 ||    31
    Use: Scroll            |     1 |       ||     1
 Armour: Leather armour    |     4 |     8 ||    12
  Dodge: Dodged            |     8 |    13 ||    21

Table legend:
 A = Non-vault XP
 B = Vault XP
 C = Vault XP percentage of total XP
 D = Non-vault monster count
 E = Vault monster count
 F = Vault count percentage of total count
                 A         B        C        D         E       F
            +---------+---------+-------+---------+---------+-------
      Total |      49 |     299 |  85.9 |      25 |      18 |  41.9
            +---------+---------+-------+---------+---------+-------
        D:1 |      42 |       8 |  16.0 |      21 |       7 |  25.0
        D:2 |       7 |     291 |  97.7 |       4 |      11 |  73.3
            +---------+---------+-------+---------+---------+-------
